 Dungeon Crawl Stone Soup version 0.20.0-9-g8272e65 (webtiles) character file.

3278 RKaid the Fighter (level 10, -6/80 (81) HPs)
             Began as a Ghoul Wizard on June 3, 2017.
             Was an Elder of Ru.
             Mangled by an ogre
             ... wielding a cursed -1 giant spiked club
              (10 damage)
             ... on level 8 of the Dungeon.
             The game lasted 00:35:29 (7283 turns).

RKaid the Fighter (Ghoul Wizard)                    Turns: 7283, Time: 00:35:29

HP:   -6/80 (81)    AC: 11    Str: 15    XL:     10   Next: 0%
MP:   13/13         EV:  7    Int: 13    God:    Ru [****..]
Gold: 456           SH:  2    Dex:  7    Spells: 10/14 levels left

rFire    . . .     SeeInvis .     - Unarmed
rCold    + . .     Gourm    .   (no shield)
rNeg     + + +     Faith    .   g - +0 chain mail
rPois    ∞         Spirit   .   m - +0 helmet
rElec    .         Reflect  +   (no cloak)
rCorr    +         Harm     .   (no gloves)
MR       +....                  (no boots)
Stlth    ..........             r - +2 amulet of reflection
Regen    0.0/turn               e - ring of protection from magic {MR+}
MPRegen  0.2/turn               t - ring of resist corrosion

@: very slightly contaminated, rotting, drained
A: rotting body, claws 1, carnivore 3, cold resistance 1, frail 1, negative
energy resistance 3, inhibited regeneration, torment resistance, unbreathing,
hated by all
a: Sacrifice Health, Sacrifice Artifice, Sacrifice Purity, Reject Sacrifices,
Draw Out Power, Power Leap, Renounce Religion


You were on level 8 of the Dungeon.
You worshipped Ru.
Ru was greatly pleased with you.
You were not hungry.

You visited 2 branches of the dungeon, and saw 10 of its levels.

You collected 456 gold pieces.

Inventory:

Hand Weapons
 k - a +3 whip of venom
   (You found it on level 1 of the Dungeon)
Armour
 g - a +0 chain mail (worn)
   (You took it off an orc on level 4 of the Dungeon)
 m - a +0 helmet (worn)
   (You found it on level 1 of the Dungeon)
 q - a +1 large shield of protection
   (You found it on level 6 of the Dungeon)
Jewellery
 e - a ring of protection from magic (left claw) {MR+}
   (You found it on level 4 of the Dungeon)
 r - a +2 amulet of reflection (around neck)
   (You found it on level 6 of the Dungeon)
 t - a ring of resist corrosion (right claw)
   (You found it on level 6 of the Dungeon)
Wands
 h - a wand of polymorph (5/24)
   (You took it off an orc on level 4 of the Dungeon)
 s - a wand of paralysis (1/24)
   (You found it on level 6 of the Dungeon)
Scrolls
 b - a scroll of fear
 l - a scroll of fog
 o - 2 scrolls of remove curse
 u - a scroll of teleportation {unknown}
 v - a scroll of torment {unknown}
 w - 2 scrolls of enchant weapon
Potions
 j - a potion of brilliance
Books
 c - a book of Minor Magic
 i - a book of Cantrips
   (You found it on level 6 of the Dungeon)
 y - a book of Necromancy
   (You found it on level 7 of the Dungeon)
Comestibles
 a - a royal jelly
 d - 3 meat rations


   Skills:
 + Level 9.3(9.2) Fighting
 + Level 6.1(6.0) Armour
 - Level 1.7 Dodging
 - Level 2.1 Stealth
 + Level 9.0 Unarmed Combat
 - Level 2.6 Spellcasting
 - Level 0.7(0.6) Conjurations
   Level 0.8 Summonings
 - Level 0.8 Translocations


You had 10 spell levels left.
You knew the following spells:

 Your Spells              Type           Power        Failure   Level  Hunger
a - Magic Dart            Conj           #...         96%         1    #......
g - Apportation           Tloc           #.....       96%         1    #......
B - Blink                 Tloc           N/A          99%         2    ###....


Dungeon Overview and Level Annotations

Branches:
Dungeon (9/15)             Temple (1/1) D:7
   Lair: D:8-11         Orc: D:9-12

Altars:
Ashenzari
Cheibriados
Fedhas
Nemelex Xobeh
Okawaru
Ru
Sif Muna
Trog
Vehumet
Xom
Yredelemnul
Zin

Shops:
D:5 :

Annotations:
D:4 Crazy Yiuf; rexbael's ghost, amateur GrEE
D:5 exclusion: upstairs
D:7 Joseph


Innate Abilities, Weirdness & Mutations

Your body is rotting away.
You thrive on raw meat.
You are immune to poison.
You have sharp fingernails.
You are carnivorous and can eat meat at any time.
Your flesh is cold resistant. (rC+)
You are frail. (-10% HP)
You are immune to negative energy. (rN+++)
You do not regenerate when monsters are visible.
You are immune to unholy pain and torment.
You can survive without breathing.
You are hated by all.


Message History

You butcher the hippogriff corpse.
You see here a chunk of flesh.
Eat a chunk of flesh? (ye/n/q)
You eat the chunk of flesh.
This raw flesh tastes great!
The gnoll sergeant hits you from afar with a trident.
The gnoll sergeant barely misses you. The orc hits you but does no damage.
You feel your flesh rotting away.
You scratch the orc.
You kill the orc!
A bullfrog comes into view.
The bullfrog gives a loud, deep croak!
The bullfrog swells and bulges.
An orc comes into view. It is wielding a hand axe.
You redirect the orc's attack!
The orc barely misses itself.
The bullfrog snags a nearby blue-tailed skink with its tongue.
The orc hits you but does no damage. The bullfrog completely misses you.
The bullfrog hits you but does no damage.
The bullfrog barely misses you.
The bullfrog hits you but does no damage.
You scratch the bullfrog.
The bullfrog hits you but does no damage. x2
You barely miss the bullfrog. The bullfrog closely misses you.
You claw the bullfrog!
The bullfrog snags a nearby small bird with its tongue.
The bullfrog barely misses you.
You claw the bullfrog!
You kill the bullfrog!
You have reached level 10!
You feel stronger.
You barely miss the orc. The orc hits you but does no damage.
You scratch the orc.
The gnoll hits you from afar with a halberd.
You claw the orc!
You kill the orc!
The gnoll hits you but does no damage. The gnoll hits you with a halberd!
You focus your will and blind the gnoll in retribution!
The gnoll sergeant hits you but does no damage.
Things that are here:
a whip; an orc corpse Your chain mail prevents you from hitting the gnoll.
You barely miss the gnoll. Your claw misses the gnoll.
You block the gnoll sergeant's attack. The gnoll hits you but does no damage.
You closely miss the gnoll.
The gnoll sergeant hits you but does no damage.
The gnoll hits you with a halberd!
* * * LOW HITPOINT WARNING * * *
An ogre comes into view. It is wielding a giant spiked club.
The ogre shouts!
The gnoll is no longer blind.
The gnoll hits you from afar with a halberd.
* * * LOW HITPOINT WARNING * * *
The ogre barely misses you.
There is a stone staircase leading down here.
You climb downwards. 4 yaks come into view.
The yak bellows! x3
There is a stone staircase leading up here. 2 orcs and an orc wizard come into view.
The orc wizard shouts!
The orc shouts! x2
The orc wizard casts a spell.
The orc wizard seems to speed up.
Found an escape hatch in the floor.
A gnoll and an orc come into view.
The orc is wielding a war axe of flaming.
The orc shouts!
The orc wizard gestures wildly while chanting.
The orc wizard flickers and vanishes!
Deactivating autopickup; reactivate with Ctrl-A.
The gnoll moves out of view.
An orc comes into view.
The orc shouts!
You redirect something's attack!
You claw the yak! The yak gores you.
* * * LOW HITPOINT WARNING * * *
Press: ? - help, v - describe, . - travel
Here: a yak (moderately wounded)
The floor.
Unknown command.
Found a scroll labeled ZEOPPA BAPSIUMITH.
Found a stone staircase leading down.
A hungry ghost comes into view.
The yak gores you!
* * * LOW HITPOINT WARNING * * *
Blink to where?
Press: ? - help, Dir - move target cursor You are very lightly contaminated with residual magic.
As you read the scroll labeled CUGOTOCATS, it crumbles to dust.
It was a scroll of blinking.
Okay, then.
The yak gores you.
* * * LOW HITPOINT WARNING * * *
You focus your will and blind the yak in retribution!
The yak gores you but does no damage.
You climb upwards.
The gnoll barely misses you.
The ogre hits you with a giant spiked club!
You die...

#.......?###.# ..##
##.##.#....##)# ..###
#..##.......#.###.........
#.#........................
#................#.........
##................## ...%.%
#...........g......###.#..#.
#..$........g..........#....
#.........O@................
#.........Y.g.%.............
#..$..............###.......
#.................?g........
#..#.....#........####......
###########...#...# ......
#####...# ...... #####
...... #.....


You could see a yak (blind), an ogre, a gnoll sergeant and 2 gnolls.

Vanquished Creatures
  Pikel (D:7)
  A hornet (D:7)
  A hippogriff (D:8)
  Menkaure (D:5)
  An ice beast (D:7)
  2 orc warriors
  A sky beast (D:7)
  A slave (Temple)
  A phantom (D:4)
  A necrophage (D:6)
  2 centaurs (D:5)
  6 bullfrogs
  A scorpion (D:3)
  3 wights (D:6)
  A howler monkey (D:5)
  2 crimson imps
  3 hounds (D:6)
  6 orc priests
  Jessica (D:2)
  2 iguanas
  7 orc wizards
  8 worker ants
  A gnoll (D:8)
  9 adders
  A river rat (D:5)
  A shadow imp (D:5)
  An adder zombie (D:6)
  2 adder skeletons
  6 worms
  A dart slug (D:2)
  A leopard gecko (D:3)
  28 orcs
  3 ball pythons
  4 bats
  2 giant cockroaches (D:4)
  3 hobgoblins
  10 jackals
  4 kobolds
  6 quokkas
  7 frilled lizards
  7 goblins
  A leopard gecko skeleton (D:6)
  A quokka skeleton (D:5)
  9 rats
161 creatures vanquished.

Vanquished Creatures (others)
  A wight (D:6)
  An orc priest (D:5)
2 creatures vanquished.

Grand Total: 163 creatures vanquished

Notes
Turn   | Place    | Note
-------+----------+-------------------------------------------
     0 | D:1      | RKaid the Ghoul Wizard began the quest for the Orb.
     0 | D:1      | Reached XP level 1. HP: 14/14 MP: 3/3
   190 | D:1      | Reached skill level 1 in Unarmed Combat
   336 | D:1      | Reached XP level 2. HP: 22/22 MP: 0/4
   802 | D:1      | Reached skill level 1 in Fighting
  1007 | D:2      | Reached skill level 2 in Unarmed Combat
  1007 | D:2      | Reached XP level 3. HP: 24/29 MP: 6/6
  1103 | D:2      | Reached skill level 2 in Fighting
  1406 | D:2      | Noticed Jessica
  1421 | D:2      | Killed Jessica
  1421 | D:2      | Reached XP level 4. HP: 22/37 MP: 7/7
  1581 | D:2      | Reached skill level 3 in Unarmed Combat
  1616 | D:2      | Reached skill level 3 in Fighting
  2015 | D:2      | Found an iron altar of Okawaru.
  2019 | D:2      | Found a sparkling altar of Nemelex Xobeh.
  2020 | D:2      | Found a shattered altar of Ashenzari.
  2119 | D:3      | Found a faded altar of an unknown god.
  2128 | D:3      | Became a worshipper of Ru the Awakened
  2184 | D:3      | Gained mutation: You are frail. (-10% HP) [Ru sacrifice]
  2184 | D:3      | Reached * piety under Ru
  2184 | D:3      | Reached ** piety under Ru
  2188 | D:3      | Learned a level 2 spell: Blink
  2199 | D:3      | Found a sacrificial altar of Ru.
  2206 | D:3      | Reached XP level 5. HP: 40/40 MP: 8/8
  2714 | D:3      | Found a deep blue altar of Sif Muna.
  2976 | D:4      | Noticed an orc warrior
  2994 | D:4      | Reached skill level 4 in Fighting
  3011 | D:3      | Reached skill level 4 in Unarmed Combat
  3011 | D:3      | Reached XP level 6. HP: 23/47 MP: 9/9
  3249 | D:4      | HP: 8/47 [worker ant (4)]
  3767 | D:4      | Killed an orc warrior
  3767 | D:4      | Reached skill level 5 in Fighting
  3767 | D:4      | Reached skill level 5 in Unarmed Combat
  3767 | D:4      | Reached XP level 7. HP: 15/54 MP: 10/10
  4155 | D:4      | Reached skill level 1 in Armour
  4183 | D:4      | Found a runed door.
  4291 | D:4      | Noticed Crazy Yiuf
  4291 | D:4      | Noticed rexbael's ghost (amateur GrEE)
  4341 | D:5      | Entered Level 5 of the Dungeon
  4352 | D:5      | HP: 9/53 [orc priest/divine providence (15)]
  4453 | D:5      | Found Hapi's Book Shoppe.
  4468 | D:5      | RKaid: !ac 9
  4468 | D:5      | beem: 2.44 armour skill per 1 AC for 9 base AC
  4672 | D:5      | Reached skill level 2 in Armour
  4675 | D:5      | Reached skill level 6 in Fighting
  4675 | D:5      | Reached skill level 6 in Unarmed Combat
  4720 | D:5      | Reached XP level 8. HP: 37/63 MP: 11/11
  4736 | D:5      | HP: 12/63 [worker ant (5)]
  4907 | D:5      | Found a sparkling altar of Nemelex Xobeh.
  5143 | D:5      | Noticed Menkaure
  5159 | D:5      | Killed Menkaure
  5159 | D:5      | Reached skill level 3 in Armour
  5456 | D:5      | Gained mutation: You are hated by all. [Ru sacrifice]
  5456 | D:5      | Reached *** piety under Ru
  5456 | D:5      | Reached **** piety under Ru
  5742 | D:6      | Reached skill level 7 in Fighting
  5833 | D:6      | Reached skill level 7 in Unarmed Combat
  5851 | D:6      | Found a glowing silver altar of Zin.
  5858 | D:6      | Found a radiant altar of Vehumet.
  6151 | D:6      | Reached skill level 4 in Armour
  6209 | D:6      | Reached XP level 9. HP: 64/72 MP: 12/12
  6215 | D:6      | Learned a level 1 spell: Apportation
  6441 | D:6      | Reached skill level 8 in Fighting
  6589 | D:7      | Noticed a hornet
  6599 | D:7      | Killed a hornet
  6599 | D:7      | Reached skill level 8 in Unarmed Combat
  6768 | D:7      | Reached skill level 5 in Armour
  6866 | D:7      | Noticed Pikel
  6881 | D:7      | Killed Pikel
  6881 | D:7      | Reached skill level 9 in Fighting
  6889 | D:7      | Noticed Joseph
  6889 | D:7      | HP: 13/74 [Joseph/sling bullet (11)]
  6952 | D:7      | Found a staircase to the Ecumenical Temple.
  6958 | Temple   | Entered the Ecumenical Temple
  7166 | D:8      | Reached skill level 6 in Armour
  7174 | D:8      | Reached skill level 9 in Unarmed Combat
  7239 | D:8      | Reached XP level 10. HP: 41/80 MP: 13/13
  7246 | D:8      | HP: 19/80 [gnoll/halberd (11)]
  7257 | D:8      | HP: 18/80 [gnoll/halberd (1)]
  7275 | D:9      | HP: 15/80 [yak (3)]
  7280 | D:9      | HP: 8/80 [yak (7)]
  7283 | D:8      | Mangled by an ogre

Skill      XL: |  1  2  3  4  5  6  7  8  9 |
---------------+----------------------------+-----
Unarmed Combat | 1 2 3 4 5 6 7 9 |  9.0
Fighting       | 1 2 3 4 5 6 7 9 |  9.3
Armour         | 2 4 6 |  6.1
Dodging        | |  1.7
Stealth        | |  2.1
Spellcasting   | |  2.6
Conjurations   | |  0.7
Summonings     | |  0.8
Translocations | |  0.8

Action                   |  1- 3 |  4- 6 |  7- 9 | 10-12 || total
-------------------------+-------+-------+-------+-------++-------
Melee: Unarmed           |    88 |   280 |   455 |     7 ||   830
       Punch             |       |     1 |     1 |       ||     2
 Cast: Magic Dart        |    30 |     4 |       |       ||    34
Invok: Sacrifice Health  |       |     1 |       |       ||     1
       Sacrifice Love    |       |       |     1 |       ||     1
       Draw Out Power    |       |       |     1 |       ||     1
Evoke: Wand              |       |       |     6 |       ||     6
  Use: Scroll            |       |     5 |     3 |     1 ||     9
       Potion            |       |     2 |     6 |       ||     8
 Stab: Invisible         |       |     1 |     1 |       ||     2
       Sleeping          |       |     1 |       |       ||     1
       Paralysed         |       |       |     2 |       ||     2
  Eat: Chunk             |     9 |    27 |    45 |       ||    81
Armor: Robe              |    12 |    36 |       |       ||    48
       Scale mail        |       |     3 |       |       ||     3
       Chain mail        |       |       |   252 |     6 ||   258
Dodge: Dodged            |    50 |   164 |   126 |     2 ||   342
Block: Other             |       |       |    12 |     1 ||    13
       Reflection        |       |       |     1 |       ||     1

Table legend:
 A = Turns spent in this place as a percentage of turns spent in the entire game.
 B = Non-inter-level travel turns spent in this place as a percentage of non-inter-level travel turns spent in the entire game.
 C = Inter-level travel turns spent in this place as a percentage of turns spent in this place.
 D = Turns resting spent in this place as a percentage of non-inter-level travel turns spent in this place.
 E = Turns spent auto-exploring this place as a percentage of non-inter-level travel turns spent in this place.
 F = Non-inter-level travel turns spent in this place divided by the number of levels of this place that you've seen.
                   A       B       C       D       E      F
               +-------+-------+-------+-------+-------+----------------------
         Total | 100.0 | 100.0 |   0.5 |   2.9 |   5.0 | 257.5
       Dungeon |  98.4 |  98.4 |   0.5 |   2.8 |   5.1 | 281.4
        Temple |   1.6 |   1.6 |   0.0 |   4.8 |   0.0 |  42.0
               +-------+-------+-------+-------+-------+----------------------

Table legend:
 A = Kills in this place as a percentage of kills in entire the game.
 B = Kills by you in this place as a percentage of kills by you in the entire game.
 C = Kills by friends in this place as a percentage of kills by friends in the entire game.
 D = Other kills in this place as a percentage of other kills in the entire game.
 E = Experience gained in this place as a percentage of experience gained in the entire game.
 F = Experience gained in this place divided by the number of levels of this place that you have seen.
                   A       B       C       D       E      F
               +-------+-------+-------+-------+-------+----------------------
         Total | 100.0 | 100.0 |  -nan | 100.0 | 100.0 | 468.3
       Dungeon | 100.0 | 100.0 |  -nan | 100.0 | 100.0 | 520.3
               +-------+-------+-------+-------+-------+----------------------
